Little Stars vs Sound Tigers
Created - March 15, 2022 at 19:05
Goals
|
Little Stars |
1 |
4 |
1 |
6 |
Sound Tigers |
2 |
1 |
1 |
4 |
|
Shots
|
Little Stars |
7 |
13 |
15 |
35 |
Sound Tigers |
10 |
6 |
14 |
30 |
|
1st period
1. Sound Tigers , Ryan Hartman 17 (Alex Tuch 19, Borna Rendulic 29) at 1:13
2. Sound Tigers , Ryan Hartman 18 (Connor Murphy 30, Alex Tuch 20) at 8:58 (PP)
3. Little Stars , Henrik Borgstrom 15 (Adam Tambellini 20, Ilya Mikheyev 24) at 19:06
Penalties :
Joakim Nygard (Tex) for Hooking (Minor) at 7:50
2nd period
4. Little Stars , Jordan LaVallee 27 (Eric Knodel 10, Daniel O'regan 42) at 6:55
5. Little Stars , Daniel O'regan 14 (Jordan LaVallee 31) at 10:26 (PP)
6. Little Stars , Adam Tambellini 19 (Daniel O'regan 43, Anton Cederholm 19) at 12:24 (PP)
7. Little Stars , Ilya Mikheyev 29 (Jordan LaVallee 32, Daniel O'regan 44) at 13:21
8. Sound Tigers , Ryan Hartman 19 (Borna Rendulic 30) at 15:30
Penalties :
Garret Ross (BRI) for Tripping (Minor) at 10:20, Dylan McIlrath (BRI) for Roughing (Minor) at 10:51, Ilya Mikheyev (Tex) for Holding (Minor) at 15:43
3rd period
9. Little Stars , Daniel O'regan 15 (Ilya Mikheyev 25, Jordan LaVallee 33) at 11:13
10. Sound Tigers , Scott Glennie 12 (Connor Murphy 31, Dylan McIlrath 21) at 14:37
Penalties :
Borna Rendulic (BRI) for Hooking (Minor) at 7:57
Goalie Stats
Connor Knapp (Tex), 26 saves from 30 shots - (0.867), W, 14-9-3, 60:00 minutes
Sean Maguire (BRI), 14 saves from 18 shots - (0.778), 32:24 minutes
Pavel Francouz (BRI), 15 saves from 17 shots - (0.882), L, 20-15-2, 27:36 minutes
Players Stats for Little Stars
Player Name G A P +/- PIM S H SB GA TA FO MP PP MP PK MP
------------------------------------------------------------------------------------
Adam Tambellini 1 1 2 0 0 2 5 0 0 0 0/1 17:48 1:18 1:16
Anton Cederholm 0 1 1 -2 0 1 0 2 0 0 0/0 28:27 2:10 1:59
Daniel O'regan 2 3 5 1 0 4 0 1 1 0 16/39 24:20 2:20 1:56
Daniil Tarasov 0 0 0 0 0 0 1 0 1 0 0/0 6:36 0:00 0:00
Eric Knodel 0 1 1 -2 0 2 2 1 2 4 0/0 28:27 2:10 1:59
Frederic Allard 0 0 0 1 0 0 1 1 0 1 0/0 12:25 0:00 0:00
Henrik Borgstrom 1 0 1 0 0 4 1 0 0 1 7/16 17:11 1:18 0:44
Ilya Mikheyev 1 2 3 1 2 5 2 1 0 0 1/3 22:23 2:20 0:00
Jason Dickinson 0 0 0 0 0 1 2 0 2 0 2/4 11:53 0:00 0:27
Joakim Nygard 0 0 0 0 2 1 0 1 2 0 0/0 11:34 0:00 0:09
Jordan LaVallee 1 3 4 1 0 6 1 1 1 1 0/0 24:01 2:20 1:42
Michael Mersch 0 0 0 0 0 1 1 0 1 0 0/0 6:29 0:00 0:00
Reece Willcox 0 0 0 2 0 0 2 3 0 0 0/0 19:08 1:28 1:08
Roman Horak 0 0 0 0 0 0 1 0 0 0 0/0 6:29 0:00 0:00
Sebastian Wannstrom 0 0 0 0 0 4 0 0 1 1 0/0 16:34 1:18 0:00
Tucker Poolman 0 0 0 2 0 1 2 2 0 0 0/0 19:08 1:28 1:08
Ville Pokka 0 0 0 1 0 0 0 1 0 0 0/0 12:25 0:00 0:00
Zach Budish 0 0 0 0 0 3 1 0 1 1 1/1 11:33 0:00 0:00
Players Stats for Sound Tigers
Player Name G A P +/- PIM S H SB GA TA FO MP PP MP PK MP
------------------------------------------------------------------------------------
Alex Tuch 0 2 2 1 0 3 2 1 0 2 1/2 22:23 2:09 2:43
Alexander Yelesin 0 0 0 -1 0 0 1 0 0 2 0/0 13:12 0:00 0:55
Ben Thomson 0 0 0 0 0 0 0 0 0 0 0/0 6:14 0:03 0:22
Borna Rendulic 0 2 2 1 2 1 3 1 2 1 1/1 19:43 2:09 0:00
Connor Murphy 0 2 2 1 0 1 0 1 2 0 0/0 28:15 2:30 2:08
Dylan McIlrath 0 1 1 1 2 0 1 2 0 0 0/0 27:19 2:30 1:13
Gabriel Carlsson 0 0 0 -1 0 1 0 1 0 0 0/0 12:17 0:00 0:00
Garret Ross 0 0 0 0 2 5 0 0 1 0 0/0 13:20 0:00 0:33
James Sheppard 0 0 0 -2 0 2 2 0 0 1 0/0 18:35 0:55 0:33
Joe Labate 0 0 0 -2 0 2 2 0 2 0 10/16 18:02 0:55 0:00
Josh Archibald 0 0 0 0 0 1 2 0 0 1 0/1 12:48 0:00 0:00
Julian Melchiori 0 0 0 -1 0 6 1 1 0 2 0/0 19:28 0:37 1:30
Pavel Kraskovsky 0 0 0 0 0 0 0 0 0 0 1/1 5:39 0:00 0:00
Rhett Gardner 0 0 0 -1 0 0 0 0 0 0 0/0 2:19 0:06 0:00
Ryan Bourque 0 0 0 0 0 4 2 0 0 0 3/7 13:23 0:00 0:26
Ryan Hartman 3 0 3 2 0 3 1 0 2 0 21/36 25:52 2:09 2:39
Scott Glennie 1 0 1 -2 0 1 1 0 0 2 0/0 18:02 0:55 0:00
Slater Koekkoek 0 0 0 -1 0 0 0 0 0 1 0/0 19:28 0:37 1:30
3 Stars
1 - Daniel O'regan (Tex)
2 - Ryan Hartman (BRI)
3 - Jordan LaVallee (Tex)
Power Play
Little Stars - 2 on 3 Attempt(s) - 66.67%
Sound Tigers - 1 on 2 Attempt(s) - 50.00%
Penalty Kill
Little Stars - 1 on 2 Attempt(s) - 50.00%
- Score 0 goal in Penalty Kill
Sound Tigers - 1 on 3 Attempt(s) - 33.33%
- Score 0 goal in Penalty Kill
Team Stat
Little Stars - Hits : 22 - Faceoff Wins : 27 - Blocked Shots : 14 - Penalty Minutes : 4
Sound Tigers - Hits : 18 - Faceoff Wins : 37 - Blocked Shots : 7 - Penalty Minutes : 6
Official
Referees : Corey Syvret and Kyle Rehman
Linesman : Vaughan Rody and Derek Nansen
Game Notes
Pavel Francouz enters game at 12:24 of 2nd period
Ryan Hartman has scored a Hat Trick!
Finance
Level 1 -- Attendance: 1975 (98.75%) -- Ticket Income $69,125
Level 2 -- Attendance: 986 (98.60%) -- Ticket Income $14,790
Total Attendance: 2961 (98.70%)
Total Ticket Income: $83,915
Other Income: $4,196
Total Income: $88,111
Little Stars
5 vs 5 Forward
Center Left Wing Right Wing Time % Phy DF OF
1 Daniel O'regan Jordan LaVallee Ilya Mikheyev 40 1 2 2
2 Henrik Borgstrom Adam Tambellini Sebastian Wannstrom 30 1 2 2
3 Jason Dickinson Joakim Nygard Zach Budish 20 1 2 2
4 Roman Horak Michael Mersch Daniil Tarasov 10 1 2 2
5 vs 5 Defense
Defense Defense Time % Phy DF OF
1 Anton Cederholm Eric Knodel 40 1 2 2
2 Reece Willcox Tucker Poolman 30 1 2 2
3 Ville Pokka Frederic Allard 20 1 2 2
4 Anton Cederholm Eric Knodel 10 1 2 2
PowerPlay Forward
Center Left Wing Right Wing Time % Phy DF OF
1 Daniel O'regan Jordan LaVallee Ilya Mikheyev 60 0 2 3
2 Henrik Borgstrom Adam Tambellini Sebastian Wannstrom 40 0 3 2
PowerPlay Defense
Defense Defense Time % Phy DF OF
1 Anton Cederholm Eric Knodel 60 0 3 2
2 Reece Willcox Tucker Poolman 40 0 2 3
Penalty Kill 4 Players Forward
Center Wing Time % Phy DF OF
1 Daniel O'regan Jordan LaVallee 60 0 3 2
2 Henrik Borgstrom Adam Tambellini 40 0 3 2
Penalty Kill 4 Players Defense
Defense Defense Time % Phy DF OF
1 Anton Cederholm Eric Knodel 60 0 3 2
2 Reece Willcox Tucker Poolman 40 0 3 2
Penalty Kill - 3 Players Forward
Forward Time % Phy DF OF
1 Daniel O'regan 60 0 3 2
2 Henrik Borgstrom 40 0 3 2
Penalty Kill - 3 Players Defense
Defense Defense Time % Phy DF OF
1 Anton Cederholm Eric Knodel 60 0 3 2
2 Reece Willcox Tucker Poolman 40 0 3 2
4 vs 4 Forward
Center Wing Time % Phy DF OF
1 Daniel O'regan Jordan LaVallee 60 0 2 3
2 Henrik Borgstrom Adam Tambellini 40 0 2 3
4 vs 4 Defense
Defense Defense Time % Phy DF OF
1 Anton Cederholm Eric Knodel 60 1 2 2
2 Reece Willcox Tucker Poolman 40 1 2 2
Last Minutes Offensive
Center Left Wing Right Wing Defense Defense
Daniel O'regan Jordan LaVallee Ilya Mikheyev Anton Cederholm Eric Knodel
Last Minutes Defensive
Center Left Wing Right Wing Defense Defense
Daniel O'regan Jordan LaVallee Ilya Mikheyev Anton Cederholm Eric Knodel
Goaltenders
Starting : Connor Knapp
Backup : Dustin Tokarski
Extra Forwards
Normal : Daniel O'regan, Sebastian Wannstrom, Zach Budish - PP : Daniel O'regan, Sebastian Wannstrom - PK : Daniel O'regan
Extra Defensemen
Normal : Tucker Poolman, Ville Pokka, Frederic Allard - PP : Tucker Poolman - PK : Tucker Poolman, Ville Pokka
Penalty Shots
Jordan LaVallee, Ilya Mikheyev, Adam Tambellini, Joakim Nygard, Daniel O'regan
Scratches
Emile Poirier (Healthy), Jean-Christophe Beaudin (Healthy), Justin Auger (Healthy), Lawrence Pilut (Healthy), Radel Fazleev (Healthy)
Rudolfs Balcers (Healthy), Shane Gersich (Healthy), Yakov Trenin (Healthy), Matt Luff (Healthy), Joey Anderson (Healthy)
Jonathan Dahlen (Healthy), Givani Smith (Healthy)
Sound Tigers
5 vs 5 Forward
Center Left Wing Right Wing Time % Phy DF OF
1 Ryan Hartman Alex Tuch Borna Rendulic 40 1 2 2
2 Joe Labate James Sheppard Scott Glennie 30 1 2 2
3 Ryan Bourque Garret Ross Josh Archibald 20 1 2 2
4 Pavel Kraskovsky Ben Thomson Ryan Hartman 10 1 2 2
5 vs 5 Defense
Defense Defense Time % Phy DF OF
1 Connor Murphy Dylan McIlrath 40 1 2 2
2 Julian Melchiori Slater Koekkoek 30 1 2 2
3 Gabriel Carlsson Alexander Yelesin 20 1 2 2
4 Connor Murphy Dylan McIlrath 10 1 2 2
PowerPlay Forward
Center Left Wing Right Wing Time % Phy DF OF
1 Ryan Hartman Alex Tuch Borna Rendulic 60 1 2 2
2 Joe Labate James Sheppard Scott Glennie 40 1 2 2
PowerPlay Defense
Defense Defense Time % Phy DF OF
1 Connor Murphy Dylan McIlrath 60 1 2 2
2 Julian Melchiori Slater Koekkoek 40 1 2 2
Penalty Kill 4 Players Forward
Center Wing Time % Phy DF OF
1 Ryan Hartman Alex Tuch 60 1 2 2
2 James Sheppard Garret Ross 40 1 2 2
Penalty Kill 4 Players Defense
Defense Defense Time % Phy DF OF
1 Connor Murphy Dylan McIlrath 60 1 2 2
2 Julian Melchiori Slater Koekkoek 40 1 2 2
Penalty Kill - 3 Players Forward
Forward Time % Phy DF OF
1 Ryan Hartman 60 1 2 2
2 Alex Tuch 40 1 2 2
Penalty Kill - 3 Players Defense
Defense Defense Time % Phy DF OF
1 Connor Murphy Dylan McIlrath 60 1 2 2
2 Julian Melchiori Slater Koekkoek 40 1 2 2
4 vs 4 Forward
Center Wing Time % Phy DF OF
1 Ryan Hartman Alex Tuch 60 1 2 2
2 James Sheppard Garret Ross 40 1 2 2
4 vs 4 Defense
Defense Defense Time % Phy DF OF
1 Connor Murphy Dylan McIlrath 60 1 2 2
2 Julian Melchiori Slater Koekkoek 40 1 2 2
Last Minutes Offensive
Center Left Wing Right Wing Defense Defense
Ryan Hartman Alex Tuch Borna Rendulic Connor Murphy Dylan McIlrath
Last Minutes Defensive
Center Left Wing Right Wing Defense Defense
Ryan Hartman Alex Tuch Borna Rendulic Connor Murphy Dylan McIlrath
Goaltenders
Starting : Sean Maguire
Backup : Pavel Francouz
Extra Forwards
Normal : Rhett Gardner, Ben Thomson, Ryan Bourque - PP : Rhett Gardner, Ben Thomson - PK : Ryan Bourque
Extra Defensemen
Normal : Gabriel Carlsson, Alexander Yelesin, Julian Melchiori - PP : Gabriel Carlsson - PK : Alexander Yelesin, Julian Melchiori
Penalty Shots
Ryan Hartman, Alex Tuch, James Sheppard, Garret Ross, Borna Rendulic
Scratches
Ben Johnson (Healthy), Blake Speers (Healthy), Brad Ross (Healthy), David Broll (Healthy), James Livingstone (Healthy)
Tyrell Goulbourne (Healthy), Garret Pilon (Healthy), Brandon Gignac (Healthy), Casey Staum (Healthy), Chris Driedger (Healthy)
% Time on Ice - Little Stars
Lines # - Real PCT - Wanted PCT - Time Play
Normal Forward
1 - 38% - 40% - 20:11
2 - 28% - 30% - 15:09
3 - 21% - 20% - 11:26
4 - 12% - 10% - 6:29
Normal Defense
1 - 40% - 40% - 21:18
2 - 31% - 30% - 16:32
3 - 23% - 20% - 12:25
4 - 6% - 10% - 3:00
PP Forward
1 - 64% - 60% - 2:20
2 - 36% - 40% - 1:18
PP Defense
1 - 60% - 60% - 2:10
2 - 40% - 40% - 1:28
PK Forward
1 - 76% - 60% - 2:23
2 - 24% - 40% - 0:44
PK Defense
1 - 64% - 60% - 1:59
2 - 36% - 40% - 1:08
PK3 Forward
1 - 0% - 60%
2 - 0% - 40%
PK3 Defense
1 - 0% - 60%
2 - 0% - 40%
44 Forward
1 - 0% - 60%
2 - 0% - 40%
44 Defense
1 - 0% - 60%
2 - 0% - 40%
Last Minute Offensive - 0:00
Last Minute Defensive - 0:00
Total
Forward - 60:00
Defense - 60:00
|
% Time on Ice - Sound Tigers
Lines # - Real PCT - Wanted PCT - Time Play
Normal Forward
1 - 33% - 40% - 17:41
2 - 32% - 30% - 17:07
3 - 24% - 20% - 12:48
4 - 11% - 10% - 5:39
Normal Defense
1 - 39% - 40% - 20:53
2 - 33% - 30% - 17:21
3 - 23% - 20% - 12:17
4 - 5% - 10% - 2:44
PP Forward
1 - 71% - 60% - 2:12
2 - 29% - 40% - 0:55
PP Defense
1 - 80% - 60% - 2:30
2 - 20% - 40% - 0:37
PK Forward
1 - 85% - 60% - 3:05
2 - 15% - 40% - 0:33
PK Defense
1 - 59% - 60% - 2:08
2 - 41% - 40% - 1:30
PK3 Forward
1 - 0% - 60%
2 - 0% - 40%
PK3 Defense
1 - 0% - 60%
2 - 0% - 40%
44 Forward
1 - 0% - 60%
2 - 0% - 40%
44 Defense
1 - 0% - 60%
2 - 0% - 40%
Last Minute Offensive - 0:00
Last Minute Defensive - 0:00
Total
Forward - 60:00
Defense - 60:00
|
Play-by-Play
1st period
0:01 of 1st period - Ryan Hartman wins face-off versus Daniel O'regan in neutral zone.
0:08 of 1st period - Slapshot by Connor Murphy.
0:08 of 1st period - Deflect By Ryan Hartman.
0:08 of 1st period - Shot Blocked by Anton Cederholm.
0:08 of 1st period - Puck is out of play.
0:09 of 1st period - Daniel O'regan wins face-off versus Ryan Hartman in Little Stars zone.
0:14 of 1st period - Wrist shot by Alex Tuch.
0:14 of 1st period - Shot Misses the Net.
0:16 of 1st period - Snap shot by Ryan Hartman.
0:16 of 1st period - Shot Misses the Net.
0:18 of 1st period - Snap shot by Borna Rendulic.
0:18 of 1st period - Shot Misses the Net.
0:20 of 1st period - Snap shot by Ryan Hartman.
0:20 of 1st period - Shot Misses the Net.
0:22 of 1st period - Slapshot by Connor Murphy.
0:22 of 1st period - Shot Misses the Net.
0:36 of 1st period - Ilya Mikheyev is hit by Ryan Hartman and loses puck.
1:13 of 1st period - Slapshot by Ryan Hartman.
1:13 of 1st period - Goal by Ryan Hartman - Little Stars : 0 - Sound Tigers : 1.
1:14 of 1st period - Joe Labate wins face-off versus Henrik Borgstrom in neutral zone.
2:05 of 1st period - Snap shot by Pavel Kraskovsky.
2:05 of 1st period - Shot Misses the Net.
2:07 of 1st period - Slapshot by Julian Melchiori.
2:07 of 1st period - Shot Blocked by Frederic Allard.
4:30 of 1st period - Snap shot by Alex Tuch.
4:30 of 1st period - Shot Blocked by Tucker Poolman.
5:06 of 1st period - Icing by Dylan McIlrath.
5:07 of 1st period - Henrik Borgstrom wins face-off versus Ryan Bourque in Sound Tigers zone.
5:10 of 1st period - Snap shot by Adam Tambellini.
5:10 of 1st period - Shot Blocked by Connor Murphy.
5:19 of 1st period - Sebastian Wannstrom is hit by Ryan Bourque and loses puck.
5:39 of 1st period - Backhand shot by Joakim Nygard.
5:39 of 1st period - Shot Misses the Net.
5:41 of 1st period - Slapshot by Jason Dickinson.
5:41 of 1st period - Shot Misses the Net.
5:53 of 1st period - Slapshot by Ryan Hartman.
5:53 of 1st period - Shot Misses the Net.
5:55 of 1st period - Slapshot by Gabriel Carlsson.
5:55 of 1st period - Deflect By Jordan LaVallee.
5:55 of 1st period - Stopped by Connor Knapp without a rebound.
5:56 of 1st period - Daniel O'regan wins face-off versus Ryan Hartman in Little Stars zone.
6:08 of 1st period - Anton Cederholm is hit by Alex Tuch and loses puck.
6:27 of 1st period - Slapshot by Henrik Borgstrom.
6:27 of 1st period - Stopped by Sean Maguire without a rebound.
6:28 of 1st period - Joe Labate wins face-off versus Henrik Borgstrom in Sound Tigers zone.
7:21 of 1st period - Wrist shot by Jordan LaVallee.
7:21 of 1st period - Stopped by Sean Maguire without a rebound.
7:22 of 1st period - Henrik Borgstrom wins face-off versus Josh Archibald in Sound Tigers zone.
7:26 of 1st period - Off-side.
7:27 of 1st period - Ryan Hartman wins face-off versus Henrik Borgstrom in neutral zone.
7:34 of 1st period - Wrist shot by Borna Rendulic.
7:34 of 1st period - Shot Misses the Net.
7:36 of 1st period - Slapshot by Julian Melchiori.
7:36 of 1st period - Stopped by Connor Knapp with a rebound.
7:38 of 1st period - Slapshot by Julian Melchiori.
7:38 of 1st period - Stopped by Connor Knapp with a rebound.
7:40 of 1st period - Slapshot by Julian Melchiori.
7:40 of 1st period - Stopped by Connor Knapp without a rebound.
7:41 of 1st period - Joe Labate wins face-off versus Jason Dickinson in Little Stars zone.
7:48 of 1st period - Snap shot by James Sheppard.
7:48 of 1st period - Shot Misses the Net.
7:50 of 1st period - Minor Penalty to Joakim Nygard for Hooking.
7:51 of 1st period - Daniel O'regan wins face-off versus Ryan Hartman in Little Stars zone.
8:52 of 1st period - Wrist shot by Alex Tuch.
8:52 of 1st period - Shot Misses the Net.
8:54 of 1st period - Snap shot by Ryan Hartman.
8:54 of 1st period - Shot Blocked by Reece Willcox.
8:56 of 1st period - Slapshot by Connor Murphy.
8:56 of 1st period - Deflect By Jordan LaVallee.
8:56 of 1st period - Stopped by Connor Knapp with a rebound.
8:58 of 1st period - Snap shot by Ryan Hartman.
8:58 of 1st period - Goal by Ryan Hartman - Little Stars : 0 - Sound Tigers : 2.
8:59 of 1st period - Henrik Borgstrom wins face-off versus Joe Labate in neutral zone.
9:35 of 1st period - Anton Cederholm is hit by Josh Archibald and loses puck.
10:04 of 1st period - Snap shot by Roman Horak.
10:04 of 1st period - Shot Misses the Net.
10:35 of 1st period - Snap shot by Michael Mersch.
10:35 of 1st period - Stopped by Sean Maguire without a rebound.
10:36 of 1st period - Joe Labate wins face-off versus Daniel O'regan in Sound Tigers zone.
10:38 of 1st period - Icing by James Sheppard.
10:39 of 1st period - Joe Labate wins face-off versus Daniel O'regan in Sound Tigers zone.
10:46 of 1st period - Snap shot by James Sheppard.
10:46 of 1st period - Stopped by Connor Knapp without a rebound.
10:47 of 1st period - Daniel O'regan wins face-off versus Ryan Hartman in Little Stars zone.
11:37 of 1st period - Backhand shot by James Sheppard.
11:37 of 1st period - Stopped by Connor Knapp with a rebound.
11:39 of 1st period - Slapshot by Alexander Yelesin.
11:39 of 1st period - Shot Misses the Net.
13:33 of 1st period - Wrist shot by Alex Tuch.
13:33 of 1st period - Shot Blocked by Joakim Nygard.
14:37 of 1st period - Daniel O'regan is hit by James Sheppard and loses puck.
14:57 of 1st period - Slapshot by Roman Horak.
14:57 of 1st period - Shot Misses the Net.
14:59 of 1st period - Slapshot by Tucker Poolman.
14:59 of 1st period - Shot Misses the Net.
15:01 of 1st period - Slapshot by Reece Willcox.
15:01 of 1st period - Shot Misses the Net.
15:49 of 1st period - Connor Murphy is hit by Henrik Borgstrom and loses puck.
15:54 of 1st period - Snap shot by Sebastian Wannstrom.
15:54 of 1st period - Stopped by Sean Maguire without a rebound.
15:55 of 1st period - Ryan Bourque wins face-off versus Henrik Borgstrom in Sound Tigers zone.
16:23 of 1st period - Jordan LaVallee is hit by Joe Labate and loses puck.
17:04 of 1st period - Wrist shot by Roman Horak.
17:04 of 1st period - Shot Misses the Net.
17:06 of 1st period - Slapshot by Eric Knodel.
17:06 of 1st period - Shot Blocked by Gabriel Carlsson.
17:37 of 1st period - Snap shot by Ilya Mikheyev.
17:37 of 1st period - Stopped by Sean Maguire with a rebound.
17:39 of 1st period - Snap shot by Jordan LaVallee.
17:39 of 1st period - Stopped by Sean Maguire with a rebound.
17:41 of 1st period - Wrist shot by Daniel O'regan.
17:41 of 1st period - Shot Misses the Net.
18:17 of 1st period - Dylan McIlrath is hit by Daniil Tarasov and loses puck.
18:48 of 1st period - Slater Koekkoek is hit by Ilya Mikheyev.
19:06 of 1st period - Snap shot by Henrik Borgstrom.
19:06 of 1st period - Goal by Henrik Borgstrom - Little Stars : 1 - Sound Tigers : 2.
19:07 of 1st period - Borna Rendulic wins face-off versus Ilya Mikheyev in neutral zone.
19:37 of 1st period - Wrist shot by Joe Labate.
19:37 of 1st period - Stopped by Connor Knapp without a rebound.
19:38 of 1st period - Joe Labate wins face-off versus Henrik Borgstrom in Little Stars zone.
Goals for this period are 1 for Little Stars vs 2 for Sound Tigers.
Shots for this period are 7 for Little Stars vs 10 for Sound Tigers.
2nd period
0:01 of 2nd period - Ryan Hartman wins face-off versus Daniel O'regan in neutral zone.
0:31 of 2nd period - Wrist shot by Sebastian Wannstrom.
0:31 of 2nd period - Stopped by Sean Maguire with a rebound.
0:33 of 2nd period - Backhand shot by Henrik Borgstrom.
0:33 of 2nd period - Shot Misses the Net.
0:35 of 2nd period - Snap shot by Adam Tambellini.
0:35 of 2nd period - Stopped by Sean Maguire with a rebound.
0:37 of 2nd period - Wrist shot by Henrik Borgstrom.
0:37 of 2nd period - Deflect By Joe Labate.
0:37 of 2nd period - Stopped by Sean Maguire without a rebound.
0:38 of 2nd period - Ryan Hartman wins face-off versus Daniel O'regan in Sound Tigers zone.
0:54 of 2nd period - Off-side.
0:55 of 2nd period - Henrik Borgstrom wins face-off versus Joe Labate in neutral zone.
0:58 of 2nd period - Snap shot by Adam Tambellini.
0:58 of 2nd period - Shot Misses the Net.
1:20 of 2nd period - Alex Tuch is hit by Zach Budish and loses puck.
1:47 of 2nd period - Wrist shot by Josh Archibald.
1:47 of 2nd period - Shot Misses the Net.
2:13 of 2nd period - Slapshot by Michael Mersch.
2:13 of 2nd period - Shot Misses the Net.
2:20 of 2nd period - Icing by Joe Labate.
2:21 of 2nd period - Henrik Borgstrom wins face-off versus Ryan Hartman in Sound Tigers zone.
2:43 of 2nd period - Scott Glennie is hit by Eric Knodel and loses puck.
3:29 of 2nd period - Joe Labate is hit by Roman Horak and loses puck.
4:06 of 2nd period - Frederic Allard is hit by Borna Rendulic.
4:25 of 2nd period - Snap shot by Joakim Nygard.
4:25 of 2nd period - Stopped by Sean Maguire without a rebound.
4:26 of 2nd period - Ryan Bourque wins face-off versus Daniel O'regan in Sound Tigers zone.
4:51 of 2nd period - Henrik Borgstrom is hit by Joe Labate and loses puck.
4:58 of 2nd period - Wrist shot by Joe Labate.
4:58 of 2nd period - Shot Blocked by Eric Knodel.
5:00 of 2nd period - Wrist shot by James Sheppard.
5:00 of 2nd period - Shot Blocked by Anton Cederholm.
5:10 of 2nd period - Connor Murphy is hit by Jason Dickinson and loses puck.
5:33 of 2nd period - Slapshot by Garret Ross.
5:33 of 2nd period - Shot Blocked by Daniel O'regan.
5:35 of 2nd period - Wrist shot by Ryan Bourque.
5:35 of 2nd period - Stopped by Connor Knapp without a rebound.
5:36 of 2nd period - Daniel O'regan wins face-off versus Ryan Bourque in Little Stars zone.
6:05 of 2nd period - Icing by Gabriel Carlsson.
6:06 of 2nd period - Ryan Hartman wins face-off versus Adam Tambellini in Sound Tigers zone.
6:43 of 2nd period - Snap shot by Adam Tambellini.
6:43 of 2nd period - Shot Blocked by Dylan McIlrath.
6:45 of 2nd period - Snap shot by Henrik Borgstrom.
6:45 of 2nd period - Stopped by Sean Maguire without a rebound.
6:46 of 2nd period - Ilya Mikheyev wins face-off versus Joe Labate in Sound Tigers zone.
6:49 of 2nd period - Snap shot by Jordan LaVallee.
6:49 of 2nd period - Stopped by Sean Maguire with a rebound.
6:51 of 2nd period - Backhand shot by Daniel O'regan.
6:51 of 2nd period - Shot Misses the Net.
6:53 of 2nd period - Slapshot by Eric Knodel.
6:53 of 2nd period - Stopped by Sean Maguire with a rebound.
6:55 of 2nd period - Slapshot by Jordan LaVallee.
6:55 of 2nd period - Goal by Jordan LaVallee - Little Stars : 2 - Sound Tigers : 2.
6:56 of 2nd period - Ryan Hartman wins face-off versus Daniel O'regan in neutral zone.
7:09 of 2nd period - Snap shot by Ilya Mikheyev.
7:09 of 2nd period - Shot Misses the Net.
7:21 of 2nd period - Joakim Nygard is hit by James Sheppard and loses puck.
8:11 of 2nd period - Off-side.
8:12 of 2nd period - Daniel O'regan wins face-off versus Ryan Hartman in neutral zone.
9:19 of 2nd period - Gabriel Carlsson is hit by Tucker Poolman and loses puck.
9:40 of 2nd period - Daniel O'regan is hit by Alexander Yelesin.
10:05 of 2nd period - Connor Murphy is hit by Adam Tambellini and loses puck.
10:14 of 2nd period - Snap shot by Henrik Borgstrom.
10:14 of 2nd period - Shot Misses the Net.
10:20 of 2nd period - Minor Penalty to Garret Ross for Tripping.
10:21 of 2nd period - Daniel O'regan wins face-off versus Ryan Hartman in Sound Tigers zone.
10:24 of 2nd period - Snap shot by Jordan LaVallee.
10:24 of 2nd period - Stopped by Sean Maguire with a rebound.
10:26 of 2nd period - Snap shot by Daniel O'regan.
10:26 of 2nd period - Goal by Daniel O'regan - Little Stars : 3 - Sound Tigers : 2.
10:27 of 2nd period - Ryan Hartman wins face-off versus Daniel O'regan in neutral zone.
10:51 of 2nd period - Minor Penalty to Dylan McIlrath for Roughing.
10:52 of 2nd period - Daniel O'regan wins face-off versus Ryan Hartman in Sound Tigers zone.
12:02 of 2nd period - Icing by Daniel O'regan.
12:03 of 2nd period - Ryan Bourque wins face-off versus Daniel O'regan in Little Stars zone.
12:04 of 2nd period - Slapshot by Connor Murphy.
12:04 of 2nd period - Deflect By Ryan Bourque.
12:04 of 2nd period - Shot Blocked by Ilya Mikheyev.
12:04 of 2nd period - Puck is out of play.
12:05 of 2nd period - Daniel O'regan wins face-off versus Ryan Hartman in Little Stars zone.
12:24 of 2nd period - Snap shot by Daniel O'regan.
12:24 of 2nd period - Deflect By Adam Tambellini.
12:24 of 2nd period - Goal by Adam Tambellini - Little Stars : 4 - Sound Tigers : 2.
12:24 of 2nd period - Pavel Francouz enters game.
12:25 of 2nd period - Daniel O'regan wins face-off versus Ryan Hartman in neutral zone.
12:28 of 2nd period - Slapshot by Anton Cederholm.
12:28 of 2nd period - Stopped by Pavel Francouz with a rebound.
12:36 of 2nd period - Snap shot by Ryan Hartman.
12:36 of 2nd period - Shot Misses the Net.
12:38 of 2nd period - Snap shot by Connor Murphy.
12:38 of 2nd period - Shot Misses the Net.
13:19 of 2nd period - Snap shot by Jordan LaVallee.
13:19 of 2nd period - Shot Misses the Net.
13:21 of 2nd period - Slapshot by Ilya Mikheyev.
13:21 of 2nd period - Goal by Ilya Mikheyev - Little Stars : 5 - Sound Tigers : 2.
13:22 of 2nd period - Henrik Borgstrom wins face-off versus Ryan Hartman in neutral zone.
13:30 of 2nd period - Icing by Julian Melchiori.
13:31 of 2nd period - Ryan Hartman wins face-off versus Henrik Borgstrom in Sound Tigers zone.
13:58 of 2nd period - Ryan Hartman is hit by Adam Tambellini and loses puck.
14:05 of 2nd period - Slapshot by Julian Melchiori.
14:05 of 2nd period - Stopped by Connor Knapp without a rebound.
14:06 of 2nd period - Joe Labate wins face-off versus Ilya Mikheyev in Little Stars zone.
14:58 of 2nd period - Snap shot by Joe Labate.
14:58 of 2nd period - Shot Blocked by Ville Pokka.
15:12 of 2nd period - Snap shot by Joe Labate.
15:12 of 2nd period - Stopped by Connor Knapp without a rebound.
15:13 of 2nd period - Daniel O'regan wins face-off versus Ryan Hartman in Little Stars zone.
15:20 of 2nd period - Slapshot by Ryan Hartman.
15:20 of 2nd period - Deflect By Alex Tuch.
15:20 of 2nd period - Stopped by Connor Knapp with a rebound.
15:22 of 2nd period - Snap shot by Julian Melchiori.
15:22 of 2nd period - Stopped by Connor Knapp without a rebound.
15:23 of 2nd period - Ryan Hartman wins face-off versus Daniel O'regan in Little Stars zone.
15:30 of 2nd period - Wrist shot by Ryan Hartman.
15:30 of 2nd period - Goal by Ryan Hartman - Little Stars : 5 - Sound Tigers : 3.
15:31 of 2nd period - Ryan Hartman wins face-off versus Daniel O'regan in neutral zone.
15:43 of 2nd period - Minor Penalty to Ilya Mikheyev for Holding.
15:44 of 2nd period - Ryan Hartman wins face-off versus Daniel O'regan in Little Stars zone.
17:43 of 2nd period - Penalty to Ilya Mikheyev is over, Ilya Mikheyev is back on ice.
17:57 of 2nd period - Reece Willcox is hit by Julian Melchiori and loses puck.
19:42 of 2nd period - Garret Ross is hit by Eric Knodel and loses puck.
Goals for this period are 4 for Little Stars vs 1 for Sound Tigers.
Shots for this period are 13 for Little Stars vs 6 for Sound Tigers.
3rd period
0:01 of 3rd period - Ryan Hartman wins face-off versus Daniel O'regan in neutral zone.
0:14 of 3rd period - Slapshot by Alex Tuch.
0:14 of 3rd period - Stopped by Connor Knapp with a rebound.
0:52 of 3rd period - Slapshot by Garret Ross.
0:52 of 3rd period - Stopped by Connor Knapp without a rebound.
0:53 of 3rd period - Daniel O'regan wins face-off versus Ryan Bourque in Little Stars zone.
1:19 of 3rd period - Slapshot by Ryan Bourque.
1:19 of 3rd period - Stopped by Connor Knapp with a rebound.
1:21 of 3rd period - Backhand shot by Alexander Yelesin.
1:21 of 3rd period - Deflect By Garret Ross.
1:21 of 3rd period - Stopped by Connor Knapp with a rebound.
1:23 of 3rd period - Snap shot by Garret Ross.
1:23 of 3rd period - Stopped by Connor Knapp without a rebound.
1:24 of 3rd period - Ryan Hartman wins face-off versus Henrik Borgstrom in Little Stars zone.
1:37 of 3rd period - Wrist shot by Henrik Borgstrom.
1:37 of 3rd period - Shot Misses the Net.
1:39 of 3rd period - Slapshot by Ville Pokka.
1:39 of 3rd period - Deflect By Adam Tambellini.
1:39 of 3rd period - Shot Blocked by Alex Tuch.
1:39 of 3rd period - Puck is out of play.
1:40 of 3rd period - Joe Labate wins face-off versus Daniel O'regan in Sound Tigers zone.
2:12 of 3rd period - Slapshot by Julian Melchiori.
2:12 of 3rd period - Stopped by Connor Knapp without a rebound.
2:13 of 3rd period - Ryan Hartman wins face-off versus Daniel O'regan in Little Stars zone.
2:39 of 3rd period - Adam Tambellini is hit by Ryan Bourque and loses puck.
2:46 of 3rd period - Snap shot by Ryan Bourque.
2:46 of 3rd period - Stopped by Connor Knapp without a rebound.
2:47 of 3rd period - Jason Dickinson wins face-off versus Joe Labate in Little Stars zone.
3:13 of 3rd period - Ryan Hartman is hit by Jordan LaVallee and loses puck.
3:26 of 3rd period - Snap shot by Daniel O'regan.
3:26 of 3rd period - Shot Blocked by Borna Rendulic.
4:24 of 3rd period - Wrist shot by Joakim Nygard.
4:24 of 3rd period - Shot Misses the Net.
4:26 of 3rd period - Snap shot by Zach Budish.
4:26 of 3rd period - Stopped by Pavel Francouz with a rebound.
5:14 of 3rd period - Slapshot by Pavel Kraskovsky.
5:14 of 3rd period - Shot Blocked by Reece Willcox.
5:42 of 3rd period - Slapshot by Jason Dickinson.
5:42 of 3rd period - Stopped by Pavel Francouz with a rebound.
6:08 of 3rd period - Wrist shot by James Sheppard.
6:08 of 3rd period - Shot Blocked by Tucker Poolman.
6:14 of 3rd period - Scott Glennie is hit by Tucker Poolman and loses puck.
6:29 of 3rd period - Ryan Hartman is hit by Michael Mersch and loses puck.
7:08 of 3rd period - Snap shot by Ilya Mikheyev.
7:08 of 3rd period - Stopped by Pavel Francouz with a rebound.
7:26 of 3rd period - Snap shot by Eric Knodel.
7:26 of 3rd period - Stopped by Pavel Francouz without a rebound.
7:27 of 3rd period - Joe Labate wins face-off versus Henrik Borgstrom in Sound Tigers zone.
7:32 of 3rd period - Snap shot by Connor Murphy.
7:32 of 3rd period - Shot Blocked by Reece Willcox.
7:43 of 3rd period - Tucker Poolman is hit by Alex Tuch and loses puck.
7:50 of 3rd period - Wrist shot by Adam Tambellini.
7:50 of 3rd period - Shot Blocked by Dylan McIlrath.
7:57 of 3rd period - Minor Penalty to Borna Rendulic for Hooking.
7:58 of 3rd period - Ryan Hartman wins face-off versus Daniel O'regan in Sound Tigers zone.
8:10 of 3rd period - Snap shot by Ryan Hartman.
8:10 of 3rd period - Shot Blocked by Jordan LaVallee.
8:24 of 3rd period - Ryan Hartman is hit by Adam Tambellini and loses puck.
8:33 of 3rd period - Snap shot by Sebastian Wannstrom.
8:33 of 3rd period - Stopped by Pavel Francouz without a rebound.
8:34 of 3rd period - Ryan Hartman wins face-off versus Daniel O'regan in Sound Tigers zone.
8:41 of 3rd period - Wrist shot by Daniel O'regan.
8:41 of 3rd period - Stopped by Pavel Francouz with a rebound.
8:43 of 3rd period - Snap shot by Daniel O'regan.
8:43 of 3rd period - Deflect By Ilya Mikheyev.
8:43 of 3rd period - Shot Blocked by Julian Melchiori.
8:43 of 3rd period - Puck is out of play.
8:44 of 3rd period - Daniel O'regan wins face-off versus Ryan Hartman in Sound Tigers zone.
8:57 of 3rd period - Snap shot by Daniel O'regan.
8:57 of 3rd period - Stopped by Pavel Francouz without a rebound.
8:58 of 3rd period - Ryan Hartman wins face-off versus Daniel O'regan in Sound Tigers zone.
9:22 of 3rd period - Dylan McIlrath is hit by Adam Tambellini and loses puck.
9:57 of 3rd period - Penalty to Borna Rendulic is over, Borna Rendulic is back on ice.
10:16 of 3rd period - Icing by Alexander Yelesin.
10:17 of 3rd period - Daniel O'regan wins face-off versus Joe Labate in Sound Tigers zone.
10:22 of 3rd period - Snap shot by Ilya Mikheyev.
10:22 of 3rd period - Shot Misses the Net.
10:34 of 3rd period - Snap shot by James Sheppard.
10:34 of 3rd period - Shot Misses the Net.
10:46 of 3rd period - Ilya Mikheyev is hit by Scott Glennie and loses puck.
11:13 of 3rd period - Slapshot by Daniel O'regan.
11:13 of 3rd period - Goal by Daniel O'regan - Little Stars : 6 - Sound Tigers : 3.
11:14 of 3rd period - Ryan Hartman wins face-off versus Henrik Borgstrom in neutral zone.
11:24 of 3rd period - Anton Cederholm is hit by Dylan McIlrath and loses puck.
11:39 of 3rd period - Anton Cederholm is hit by Josh Archibald and loses puck.
11:44 of 3rd period - Snap shot by Ryan Bourque.
11:44 of 3rd period - Stopped by Connor Knapp with a rebound.
12:00 of 3rd period - Wrist shot by Joakim Nygard.
12:00 of 3rd period - Deflect By Jason Dickinson.
12:00 of 3rd period - Shot Misses the Net.
12:00 of 3rd period - Puck is out of play.
12:01 of 3rd period - Pavel Kraskovsky wins face-off versus Jason Dickinson in Sound Tigers zone.
12:01 of 3rd period - Pavel Kraskovsky is hit by Reece Willcox.
12:13 of 3rd period - Snap shot by Jason Dickinson.
12:13 of 3rd period - Shot Misses the Net.
12:15 of 3rd period - Snap shot by Zach Budish.
12:15 of 3rd period - Stopped by Pavel Francouz with a rebound.
12:17 of 3rd period - Snap shot by Reece Willcox.
12:17 of 3rd period - Shot Misses the Net.
12:19 of 3rd period - Slapshot by Tucker Poolman.
12:19 of 3rd period - Stopped by Pavel Francouz without a rebound.
12:20 of 3rd period - Joe Labate wins face-off versus Daniel O'regan in Sound Tigers zone.
12:47 of 3rd period - Henrik Borgstrom is hit by Borna Rendulic and loses puck.
12:52 of 3rd period - Wrist shot by Borna Rendulic.
12:52 of 3rd period - Shot Misses the Net.
12:54 of 3rd period - Snap shot by Ryan Hartman.
12:54 of 3rd period - Shot Misses the Net.
12:56 of 3rd period - Wrist shot by Dylan McIlrath.
12:56 of 3rd period - Deflect By Borna Rendulic.
12:56 of 3rd period - Stopped by Connor Knapp with a rebound.
13:06 of 3rd period - Wrist shot by Garret Ross.
13:06 of 3rd period - Shot Misses the Net.
13:08 of 3rd period - Wrist shot by Josh Archibald.
13:08 of 3rd period - Stopped by Connor Knapp with a rebound.
13:10 of 3rd period - Slapshot by Connor Murphy.
13:10 of 3rd period - Deflect By Garret Ross.
13:10 of 3rd period - Shot Misses the Net.
13:10 of 3rd period - Puck is out of play.
13:11 of 3rd period - Zach Budish wins face-off versus Alex Tuch in Little Stars zone.
13:11 of 3rd period - Zach Budish is hit by Borna Rendulic.
13:23 of 3rd period - Alexander Yelesin is hit by Jason Dickinson and loses puck.
14:02 of 3rd period - Snap shot by Ryan Bourque.
14:02 of 3rd period - Deflect By Ilya Mikheyev.
14:02 of 3rd period - Shot Misses the Net.
14:02 of 3rd period - Puck is out of play.
14:03 of 3rd period - Daniel O'regan wins face-off versus Ryan Hartman in Little Stars zone.
14:08 of 3rd period - Connor Murphy is hit by Ilya Mikheyev and loses puck.
14:37 of 3rd period - Slapshot by Connor Murphy.
14:37 of 3rd period - Deflect By Scott Glennie.
14:37 of 3rd period - Deflect By Henrik Borgstrom.
14:37 of 3rd period - Goal by Scott Glennie - Little Stars : 6 - Sound Tigers : 4.
14:38 of 3rd period - Ryan Hartman wins face-off versus Daniel O'regan in neutral zone.
14:53 of 3rd period - Snap shot by Alex Tuch.
14:53 of 3rd period - Stopped by Connor Knapp with a rebound.
15:37 of 3rd period - Snap shot by Garret Ross.
15:37 of 3rd period - Stopped by Connor Knapp with a rebound.
15:53 of 3rd period - Snap shot by Daniel O'regan.
15:53 of 3rd period - Shot Misses the Net.
15:55 of 3rd period - Slapshot by Ilya Mikheyev.
15:55 of 3rd period - Stopped by Pavel Francouz with a rebound.
15:57 of 3rd period - Wrist shot by Ilya Mikheyev.
15:57 of 3rd period - Stopped by Pavel Francouz without a rebound.
15:58 of 3rd period - Ryan Hartman wins face-off versus Daniel O'regan in Sound Tigers zone.
16:02 of 3rd period - Off-side.
16:03 of 3rd period - Ryan Hartman wins face-off versus Daniel O'regan in neutral zone.
16:36 of 3rd period - Dylan McIlrath is hit by Frederic Allard.
16:48 of 3rd period - Wrist shot by Garret Ross.
16:48 of 3rd period - Stopped by Connor Knapp without a rebound.
16:49 of 3rd period - Henrik Borgstrom wins face-off versus Ryan Bourque in Little Stars zone.
16:58 of 3rd period - Slapshot by Sebastian Wannstrom.
16:58 of 3rd period - Stopped by Pavel Francouz without a rebound.
16:59 of 3rd period - Jason Dickinson wins face-off versus Ryan Hartman in Sound Tigers zone.
17:06 of 3rd period - Snap shot by Zach Budish.
17:06 of 3rd period - Stopped by Pavel Francouz with a rebound.
17:26 of 3rd period - Backhand shot by Jordan LaVallee.
17:26 of 3rd period - Stopped by Pavel Francouz with a rebound.
17:28 of 3rd period - Slapshot by Tucker Poolman.
17:28 of 3rd period - Deflect By Jordan LaVallee.
17:28 of 3rd period - Shot Misses the Net.
17:28 of 3rd period - Puck is out of play.
17:29 of 3rd period - Daniel O'regan wins face-off versus Joe Labate in Sound Tigers zone.
18:39 of 3rd period - Alex Tuch is hit by Adam Tambellini and loses puck.
19:04 of 3rd period - James Sheppard is hit by Reece Willcox and loses puck.
19:32 of 3rd period - Icing by Jordan LaVallee.
19:33 of 3rd period - Alex Tuch wins face-off versus Daniel O'regan in Little Stars zone.
Goals for this period are 1 for Little Stars vs 1 for Sound Tigers.
Shots for this period are 15 for Little Stars vs 14 for Sound Tigers.